 Dungeon Crawl Stone Soup version 0.30-a0-918-g0ff054e9dc (webtiles) character file.

Game seed: 11347855520930802647

6608 Ghostmaker01 the Cleaver (level 10, -5/93 HPs)
             Began as a Minotaur Fighter on Mar 16, 2023.
             Was a Believer of Ru.
             Killed from afar by Lodul (29 damage)
             ... with a bolt of lightning
             ... on level 10 of the Dungeon on Mar 20, 2023.
             The game lasted 00:29:29 (8536 turns).

Ghostmaker01 the Cleaver (Minotaur Fighter)         Turns: 8536, Time: 00:29:30

Health: -5/93      AC: 13    Str: 25    XL:     10   Next: 71%
Magic:  9/9        EV:  9    Int:  5    God:    Ru [**....]
Gold:   481        SH:  5    Dex: 10    Spells: 9/9 levels left

rFire   . . .      SeeInvis .    a - +1 war axe
rCold   . . .      Faith    .    c - +0 buckler
rNeg    . . .      Spirit   .    P - +0 chain mail
rPois   .          Reflect  .    (helmet restricted)
rElec   .          Rampage  .    (no cloak)
rCorr   .                        H - +0 pair of gloves
Will    .....                    l - +0 pair of boots Stlth
                                 o - amulet of regeneration
HPRegen 1.15/turn                h - +4 ring of slaying
MPRegen 0.11/turn                I - +4 ring of slaying

@: no status effects
A: horns 2, hated by all, retaliatory headbutt
a: Renounce Religion


You were on level 10 of the Dungeon.
You worshipped Ru.
Ru was pleased with you.
You visited 2 branches of the dungeon, and saw 11 of its levels.
You also visited: Sewer.

You collected 481 gold pieces.

Inventory:

Hand Weapons
 a - a +1 war axe (weapon)
 s - a +0 arbalest
 Q - a +0 battleaxe
Missiles
 v - a throwing net
 F - 31 poisoned darts
 N - 3 atropa-tipped darts (quivered)
Armour
 c - a +0 buckler (worn)
 l - a +0 pair of boots (worn)
 H - a +0 pair of gloves (worn)
 J - an orb of guile
 P - a +0 chain mail (worn)
Magical Staves
 t - a staff of earth
Jewellery
 h - a +4 ring of slaying (left hand)
 o - an amulet of regeneration (around neck)
 w - a ring of ice
 z - a +5 ring of evasion
 D - a +5 ring of evasion
 I - a +4 ring of slaying (right hand)
 K - a ring of magical power
 M - an amulet of faith
 R - a ring of willpower
Wands
 k - a wand of iceblast (9)
 B - a wand of digging (7)
 G - a wand of acid (7)
Scrolls
 b - a scroll of identify
 e - 4 scrolls of fog {unknown}
 f - 3 scrolls of magic mapping
 i - 2 scrolls of silence {unknown}
 n - 2 scrolls of fear
 q - 3 scrolls of amnesia
 r - 2 scrolls of poison
 u - 3 scrolls of teleportation
 y - a scroll of brand weapon {unknown}
 E - 2 scrolls of blinking
Potions
 d - 5 potions of might
 g - 3 potions of curing
 j - 2 potions of lignification
 m - 2 potions of attraction
 p - 4 potions of flight {unknown}
 x - 2 potions of mutation {unknown}
 A - 3 potions of brilliance {unknown}
 C - 2 potions of magic {unknown}
 L - a potion of haste {unknown}
 O - 2 potions of heal wounds


   Skills:
 * Level 10.2 Fighting
 * Level 13.9 Axes
 + Level 0.9 Throwing
 + Level 7.1 Armour
 + Level 3.2 Dodging
 * Level 7.6 Shields
 + Level 0.1 Evocations


You had 9 spell levels left.
You didn't know any spells.
Your spell library contained the following spells:

 Spells                   Type           Power      Damage    Failure   Level
 Beastly Appendage        Tmut           0%         N/A       98%         1
 Blink                    Tloc           0%         N/A       99%         2
 Lesser Beckoning         Tloc           0%         N/A       99%         2
 Momentum Strike          Conj/Tloc      0%         3d8       99%         2
 Static Discharge         Conj/Air       0%         2-2/arc   99%         2
 Wereblood                Tmut           0%         N/A       99%         2
 Inner Flame              Hex/Fire       0%         N/A       100%        3
 Spider Form              Tmut/Pois      0%         N/A       100%        3
 Vhi's Electric Charge    Tloc/Air       0%         N/A       100%        3
 Flame Wave               Conj/Fire      0%         2d4       100%        4
 Leda's Liquefaction      Hex/Erth       0%         N/A       100%        4
 Sticky Flame             Conj/Fire      0%         2d3       100%        4
 Arcjolt                  Conj/Air       0%         1d10      100%        5
 Blade Hands              Tmut           0%         N/A       100%        5
 Irradiate                Conj/Tmut      0%         3d11      100%        5
 Lee's Rapid Deconstruct  Erth           0%         3d4*      100%        5
 Lightning Bolt           Conj/Air       0%         1d11      100%        5
 Dragon Form              Tmut           0%         N/A       100%        7
 Storm Form               Tmut/Air       0%         N/A       100%        7
 Maxwell's Capacitive Co  Air            0%         ∞         100%        8
 Summon Lightning Spire   Summ/Air       Unusable   N/A       N/A         4

Dungeon Overview and Level Annotations

Branches:
Dungeon (10/15)            Temple (1/1) D:7           Sewer (visited)
   Lair: D:8-11         Orc: D:9-12

Altars:
Cheibriados
Dithmenos
Elyvilon
Gozag
Kikubaaqudgha
Makhleb
Nemelex Xobeh
Okawaru
Qazlal
Ru
Sif Muna
Trog
Uskayaw
Vehumet
Wu Jian
Xom
Zin
The Shining One

Shops:
D:5 :

Annotations:
D:7 3 runed translucent doors, baller8008's ghost, novice MiFi; baller8008's ghost, novice OpFE; cheesebisquit's ghost, novice MiFi; logorrheac's ghost, novice GnWn
D:8 3 runed translucent doors, petzl's ghost, journeyman FoDe
D:10 Lodul


Innate Abilities, Weirdness & Mutations

You have a pair of horns on your head.
You are hated by all.
You reflexively headbutt those who attack you in melee.


Message History

The yak gores you!
* * * LOW HITPOINT WARNING * * *
Unknown command.
You feel better.
An ogre comes into view. It is wielding a +0 giant club.
You block the yak's attack. You block the ogre's attack.
Aiming: Iceblast
Press: ? - help, Shift-Dir - straight line
Okay, then.
Aiming: Iceblast
Press: ? - help, Shift-Dir - straight line The mass of ice explodes!
The iceblast engulfs the yak!
The yak is almost dead.
The iceblast engulfs you but does no damage.
The iceblast engulfs the ogre!
You kill the ogre!
The iceblast engulfs the ogre!
The ogre is moderately wounded.
The iceblast engulfs the ogre!
The ogre is heavily wounded.
The ogre shouts!
You hear a shout! x3; You hear a howl!
You hear a bellow!
The yak barely misses you. You furiously retaliate!
You headbutt the yak!
You kill the yak!
An ogre comes into view. It is wielding a +0 giant club.
The ogre attacks as you move away! You block the ogre's attack.
An ogre comes into view. It is wielding a +0 giant spiked club.
The ogre hits you with a +0 giant club.
* * * LOW HITPOINT WARNING * * *
A basilisk comes into view.
The basilisk hisses angrily.
The basilisk begins to attack, but is stunned by your conviction!
Found a flail.
Found 12 gold pieces.
Found a scroll labelled ZIPILY ODIULU.
The basilisk begins to attack, but is stunned by your conviction!
A yak comes into view.
The yak bellows!
Electricity crackles from Lodul's apparatus.
The bolt of lightning hits you!!
You die...

.. ###.... .
..#....... ..
.?#....... ...#
.#...... #.
....###.....###..
...........#.......
...........#.......
Y......@...#.......#.
....###.....###.....#
. #...#O......#.......
#...#..O....#.......
#...#.......#..l.l.
#.....###OO.Ol###... .
....).....#.......# ..
..$.......#..O....#
...
.........#.......#....


You could see Lodul, a yak and 5 ogres.

Vanquished Creatures
  Gastronok (D:8)
  Erica (D:8)
  Pikel (D:4)
  A cyclops (D:8)
  Sigmund (D:4)
  6 yaks
  A steam dragon (D:8)
  A water moccasin (D:5)
  A black bear (D:4)
  2 ice beasts
  An ogre (D:10)
  2 centaurs
  2 lemures (D:4)
  2 kobold brigands
  Blork the orc (D:6)
  3 wyvern zombies (D:7)
  5 bullfrogs
  A scorpion (D:5)
  3 wights (D:9)
  6 killer bees (D:9)
  A howler monkey (D:8)
  2 vampire bats (D:5)
  2 bullfrog zombies (D:7)
  A centaur zombie (D:7)
  Crazy Yiuf (D:4)
  A gnoll bouda (D:8)
  5 orc priests
  4 hounds
  A sleepcap (D:7)
  4 iguanas
  7 orc wizards
  2 killer bee zombies (D:7)
  4 gnolls (D:8)
  9 adders
  2 white imps
  3 ufetubi
  2 worms
  2 dart slugs
  20 orcs
  6 ball pythons
  5 endoplasms
  12 giant cockroaches
  5 goblins
  8 hobgoblins
  5 quokkas
  10 bats
  7 frilled lizards
  18 kobolds
  3 rats (D:3)
194 creatures vanquished.

Vanquished Creatures (others)
  A fungus (D:8)
  7 plants
8 creatures vanquished.

Grand Total: 202 creatures vanquished

Notes
Turn   | Place    | Note
-------+----------+-------------------------------------------
     0 | D:1      | Ghostmaker01 the Minotaur Fighter began the quest for the
                  | Orb.
     0 | D:1      | Reached XP level 1. HP: 19/19 MP: 0/0
   138 | D:1      | Reached XP level 2. HP: 24/27 MP: 1/1
   204 | D:1      | Found a faded altar of an unknown god.
   746 | D:2      | Reached skill level 3 in Axes
   747 | D:2      | Found a hazy altar of Hepliaklqana.
   789 | D:2      | Reached XP level 3. HP: 33/33 MP: 2/2
  1282 | D:3      | Found a shimmering blue altar of Sif Muna.
  1819 | D:4      | Reached skill level 4 in Axes
  1819 | D:4      | Reached XP level 4. HP: 36/41 MP: 3/3
  1871 | D:4      | Noticed a black bear
  1875 | D:4      | Killed a black bear
  1876 | D:4      | Reached skill level 5 in Axes
  1876 | D:4      | Reached XP level 5. HP: 47/47 MP: 4/4
  2203 | D:4      | Found a runed translucent door.
  2204 | D:4      | Noticed Crazy Yiuf
  2275 | D:4      | Noticed Sigmund
  2283 | D:4      | Killed Sigmund
  2284 | D:4      | Reached skill level 5 in Fighting
  2284 | D:4      | Reached skill level 6 in Axes
  2284 | D:4      | Reached XP level 6. HP: 50/56 MP: 5/5
  2302 | D:4      | Noticed Pikel
  2317 | D:4      | Killed Pikel
  2318 | D:4      | Reached skill level 8 in Axes
  2318 | D:4      | Reached skill level 5 in Armour
  2318 | D:4      | Reached skill level 1 in Dodging
  2318 | D:4      | Reached skill level 5 in Shields
  2318 | D:4      | Reached XP level 7. HP: 35/63 MP: 6/6
  2699 | D:4      | Killed Crazy Yiuf
  2763 | D:5      | Entered Level 5 of the Dungeon
  2830 | D:5      | Reached XP level 8. HP: 70/70 MP: 7/7
  2841 | D:5      | Found Zuuniwuk's Book Shoppe.
  2965 | D:5      | Found a glowing drain.
  2976 | Sewer    | Entered a sewer
  2986 | Sewer    | Reached skill level 9 in Axes
  4042 | D:6      | Reached skill level 10 in Axes
  4332 | D:6      | Reached XP level 9. HP: 77/79 MP: 8/8
  4365 | D:6      | Noticed Blork the orc
  4369 | D:6      | Killed Blork the orc
  4968 | D:7      | Found a radiant altar of Vehumet.
  5192 | D:7      | Reached skill level 11 in Axes
  5278 | D:7      | Found a basalt altar of Yredelemnul.
  5303 | D:7      | Found a runed translucent gate.
  5304 | D:7      | Found a runed translucent gate.
  5305 | D:7      | Found a runed translucent gate.
  5306 | D:7      | Noticed cheesebisquit's ghost (novice MiFi)
  5306 | D:7      | Noticed baller8008's ghost (novice OpFE)
  5307 | D:7      | Noticed baller8008's ghost (novice MiFi)
  5307 | D:7      | Noticed logorrheac's ghost (novice GnWn)
  5365 | D:7      | Found a staircase to the Ecumenical Temple.
  5751 | D:7      | Found a hazy altar of Hepliaklqana.
  5903 | Temple   | Entered the Ecumenical Temple
  5903 | Temple   | Found a transporter.
  5903 | Temple   | Found a transporter.
  5905 | Temple   | Found a transporter.
  5905 | Temple   | Found a transporter.
  5960 | Temple   | Became a worshipper of Ru the Awakened
  6125 | D:8      | Noticed Gastronok
  6125 | D:8      | Noticed Erica
  6399 | D:8      | Killed Erica
  6452 | D:8      | Killed Gastronok
  6453 | D:8      | Reached skill level 12 in Axes
  6453 | D:8      | Reached XP level 10. HP: 18/91 MP: 9/9
  6688 | D:8      | Noticed a cyclops
  6716 | D:8      | Found a runed translucent gate.
  6718 | D:8      | Noticed petzl's ghost (journeyman FoDe)
  6724 | D:8      | Found a runed translucent gate.
  6725 | D:8      | Found a runed translucent gate.
  6741 | D:8      | Killed a cyclops
  6742 | D:8      | Reached skill level 13 in Axes
  6845 | D:8      | Upgraded the game from 0.30-a0-883-g5ad918d77d to
                  | 0.30-a0-918-g0ff054e9dc
  6949 | D:8      | Got Alegh's Handbook of the Moving Quarry
  7371 | D:8      | Gained mutation: You are hated by all. [Ru sacrifice]
  7371 | D:8      | Reached * piety under Ru
  7371 | D:8      | Reached ** piety under Ru
  8392 | D:9      | Reached skill level 10 in Fighting
  8497 | D:10     | Entered Level 10 of the Dungeon
  8518 | D:10     | Noticed Lodul
  8536 | D:10     | Killed from afar by Lodul

Illustrated notes

Levels and vault maps discovered:
D:1:      dpeg_arrival_ternary, layout_loops_ring, basic_ecumenical_altar,
          minmay_misc_feat_square
D:2:      layout_basic, basic_altar, hex_medium
D:3:      cheibrodos_old_hovel, layout_rooms,
          mainiacjoe_overflow_surrounded_room
D:4:      layout_gridville, minmay_close_crescents, uniq_crazy_yiuf_cottage,
          uniq_pikel, uniq_sigmund
D:5:      layout_loops_ring, portal_sewer_entry_d, serial_shops,
          nicolae_shop_window_shopping, roderic_batcave, kennysheep_donut
D:6:      layout_basic, dk_rats_in_the_wall, uniq_blork_the_orc
D:7:      layout_loops_ring, vehumet_crystals, nicolae_yredelemnul_corpse_copse,
          nzn_hepliaklqana_mist_gate, minmay_temple_entry_nine_rooms,
          gammafunk_ghost_cemetery, minmay_door_square
D:8:      layout_layer_cave, gammafunk_ghost_nasty_kobolds,
          kennysheep_just_a_vault, uniq_gastronok, uniq_erica
D:9:      layout_basic
D:10:     nicolae_hitomezashi [nicolae_hito_row, nicolae_hito_row,
          nicolae_hito_row, nicolae_hito_row, nicolae_hito_row,
          nicolae_hito_row, nicolae_hito_row, nicolae_hito_row,
          nicolae_hito_row, nicolae_hito_row, nicolae_hito_row,
          nicolae_hito_row, nicolae_hito_row, nicolae_hito_row,
          nicolae_hito_row, nicolae_hito_row, nicolae_hito_row,
          nicolae_hito_row], layout_loops_ring, old_standard_altar,
          minmay_lair_entry_grove, enter_bailey_6, uniq_lodul
Temple:   hellmonk_temple_divided_pantheon

Skill      XL: |  1  2  3  4  5  6  7  8  9 10 |
---------------+-------------------------------+-----
Fighting       | 4 5 6 7 9 10 | 10.2
Armour         | 4 5 6 7 |  7.1
Axes           | 3 4 5 6 8 10 12 13 | 13.9
Shields        | 4 5 6 7 |  7.6
Dodging        | 1 2 3 |  3.2
Throwing       | |  0.9
Evocations     | |  0.1

Action                     |  1- 3 |  4- 6 |  7- 9 | 10-12 || total
---------------------------+-------+-------+-------+-------++-------
  Melee: War axe           |    81 |    37 |   218 |    63 ||   399
         Headbutt          |     8 |     3 |    35 |    13 ||    59
  Throw: Dart              |       |       |       |    15 ||    15
         Throwing net      |       |       |       |     1 ||     1
 Invoke: Sacrifice Love    |       |       |       |     1 ||     1
  Evoke: Wand              |       |       |       |     3 ||     3
    Use: Scroll            |       |       |    12 |     1 ||    13
         Potion            |       |       |     3 |     4 ||     7
 Armour: Scale mail        |    34 |    10 |    66 |     3 ||   113
         Chain mail        |       |       |       |    24 ||    24
  Dodge: Dodged            |    26 |    31 |   146 |    24 ||   227
  Block: Buckler           |    18 |    11 |    46 |    18 ||    93

Table legend: (Time is in decaauts)
 A = Elapsed time spent in this place.
 B = Non-inter-level travel time spent in this place.
 C = Inter-level travel time spent in this place.
 D = Time resting spent in this place.
 E = Time spent auto-exploring this place.
 F = Levels seen in this place.
 G = Mean time per level.
                   A        B        C        D        E       F      G
               +--------+--------+--------+--------+--------+-----+--------+
         Total |   8702 |   8047 |    655 |     96 |   6094 |  12 |  725.2 |
       Dungeon |   8165 |   7510 |    655 |     96 |   5970 |  10 |  816.5 |
        Temple |     74 |     74 |      0 |      0 |      6 |   1 |   74.0 |
         Sewer |    462 |    462 |      0 |      0 |    118 |   1 |  462.0 |
               +--------+--------+--------+--------+--------+-----+--------+

Top non-repeatable levels by time:
     D:8: 1660 daAuts
     D:7: 1283 daAuts
     D:4: 1057 daAuts
     D:6: 978 daAuts
     D:5: 863 daAuts
     D:1: 660 daAuts
     D:2: 601 daAuts
     D:9: 536 daAuts
     D:3: 484 daAuts
   Sewer: 462 daAuts
  Temple: 74 daAuts
    D:10: 37 daAuts
